 Dungeon Crawl Stone Soup version 0.30.0-5-g1a98f26d00 (webtiles) character file.

Game seed: 12354157237914668154

136 backslashecho the Slasher (level 4, -5/55 HPs)
             Began as a Demonspawn Monk on May 9, 2023.
             Was a Believer of Okawaru.
             Slain by a gnoll
             ... wielding a +0 halberd
              (7 damage)
             ... on level 4 of the Dungeon.
             The game lasted 00:04:50 (2320 turns).

backslashecho the Slasher (Demonspawn Monk)         Turns: 2320, Time: 00:04:50

Health: -5/55      AC:  5    Str: 11    XL:     4   Next: 98%
Magic:  5/5        EV: 13    Int: 12    God:    Okawaru [**....]
Gold:   163        SH:  0    Dex: 20    Spells: 3/3 levels left

rFire   + . .        a - +0 falchion
rCold   . . .        d - orb {light}
rNeg    . . .        i - +2 leather armour "Aphis" {Fly rF+ Dex+3}
rPois   .            (helmet restricted)
rElec   .            (no cloak)
rCorr   .            (no gloves)
SInv    +            (no boots)
Will    .....        (no amulet) Stlth
                     e - ring of see invisible
HPRegen 0.29/turn    (no ring)
MPRegen 0.18/turn

%: no passive effects
@: berserking, lethally poisoned (-5 -> -9), flying, glowing, very quick
A: antennae 1, ignite blood 1, magic regeneration
a: Renounce Religion, Heroism


You were on level 4 of the Dungeon.
You worshipped Okawaru.
Okawaru was pleased with you.
You visited 1 branch of the dungeon, and saw 4 of its levels.

You collected 163 gold pieces.

Inventory:

Hand Weapons
 a - a +0 falchion (weapon)
Missiles
 m - 5 poisoned darts (quivered)
Armour
 d - an orb of light (worn)
 f - a +0 tower shield
 i - the +2 leather armour "Aphis" (worn) {Fly rF+ Dex+3}
   (You found it on level 3 of the Dungeon)

   Dex:       It affects your dexterity (+3).
   rF:        It protects you from fire.
   Fly:       It grants you flight.
Jewellery
 e - a ring of see invisible (left hand)
Scrolls
 j - 3 scrolls of vulnerability {unknown}
 k - a scroll of noise {unknown}
 l - a scroll of poison {unknown}
Potions
 c - a potion of ambrosia
 h - a potion of haste {unknown}


   Skills:
 + Level 3.7 Fighting
 * Level 4.0 Long Blades
 - Level 3.0 Dodging
 - Level 1.0 Unarmed Combat
 + Level 2.1 Invocations


You had 3 spell levels left.
You didn't know any spells.
Your spell library contained the following spells:

 Spells                   Type           Power      Damage    Failure   Level
 Blade Hands              Tmut           0%         N/A       100%        5
 Iron Shot                Conj/Erth      0%         9d1       100%        6
 Animate Armour           Summ/Erth      Unusable   N/A       N/A         4

Dungeon Overview and Level Annotations

Branches:
Dungeon (4/15)
 Temple: D:4-7

Altars:
Okawaru
Ru

Annotations:
D:4 3 runed translucent doors, qeuew's ghost, amateur GrFi


Innate Abilities, Weirdness & Mutations

You have a pair of small antennae on your head.
Your demonic aura sometimes causes spilled blood to erupt in flames.
You regenerate magic rapidly.


Message History

The gnoll is heavily wounded.
You feel very sick. The gnoll closely misses you. The gnoll misses you.
You take 3 damage, and have 15/37 hp.
The gnoll attacks as you move away! The gnoll closely misses you.
You feel sick. The gnoll misses you.
You take 1 damage, and have 14/37 hp.
You are too injured to fight recklessly!
You hit the gnoll.
The gnoll is severely wounded.
You feel sick. The gnoll misses you. The gnoll completely misses you.
The gnoll hits you with a +3 flail of venom.
* * * LOW HITPOINT WARNING * * *
You are lethally poisoned!
You take 6 damage, and have 8/37 hp.
* * * LOW HITPOINT WARNING * * *
You feel very sick.
You take 2 damage, and have 6/37 hp.
* * * LOW HITPOINT WARNING * * *
You feel sick.
You take 2 damage, and have 4/37 hp.
It was a potion of berserk rage.
A red film seems to cover your vision as you go berserk!
You feel yourself moving faster!
You feel mighty!
* * * LOW HITPOINT WARNING * * *
You feel sick.
You now have 4/55 hp.
You are illuminated by a small divine halo.
You are possessed by a berserker rage.
You are lethally poisoned (4 -> -2).
You are flying.
You are glowing.
Your flying speed is very quick.
Your attack delay is about 0.7.
Your damage rating with your +0 falchion is about 11 (Base 8 x 125% (Dex) x 114% (Skill)).
Your base attributes are Str 11, Int 12, Dex 17.
Press: ? - help, . - travel You can't see that place. [the floor.]
You feel a strong urge to attack something.
* * * LOW HITPOINT WARNING * * *
You feel sick. The gnoll barely misses you.
You take 1 damage, and have 3/55 hp.
You are too berserk!
You slash the gnoll!
You kill the gnoll!
Okawaru accepts your kill.
* * * LOW HITPOINT WARNING * * *
You feel sick. The gnoll misses you.
Your Long Blades skill increases to level 4!
You take 1 damage, and have 2/55 hp.
The gnoll hits you with a +0 halberd!
You die...

.............#
..#..<...#......#
...#))..#....#
..#......#......#
...#....#....#
..#.(....+......
...#....#....# ..+......#g....
...###..##.########....##g...
.#####..##.####..##....#....#
.# ....................+..g.#
.+ ....................#....#
.#
###....###.##@####..#..†.#####
..
##+#####.##g####..##........
#...'.g...g...'........
#...#.........#........
###†####+###'##........
#..............#####..
#..............# ..
#..............# .
#..............#..


You could see 2 gnolls.

Vanquished Creatures
  An orc priest (D:4)
  2 gnolls (D:4)
  2 adders
  3 dart slugs
  5 orcs
  5 endoplasms
  4 giant cockroaches
  5 goblins
  5 hobgoblins
  4 quokkas
  A ball python (D:4)
  6 bats
  3 frilled lizards (D:2)
  6 kobolds
  3 rats
55 creatures vanquished.

Notes
Turn   | Place    | Note
-------+----------+-------------------------------------------
     0 | D:1      | backslashecho the Demonspawn Monk began the quest for the
                  | Orb.
     0 | D:1      | Reached XP level 1. HP: 18/18 MP: 1/1
    78 | D:1      | Gained mutation: You have a pair of small antennae on your
                  | head. [demonic ancestry]
    78 | D:1      | Reached XP level 2. HP: 24/24 MP: 2/2
   280 | D:1      | Reached skill level 3 in Long Blades
   358 | D:1      | Reached skill level 1 in Unarmed Combat
   699 | D:2      | Found a faded altar of an unknown god.
   704 | D:2      | Prayed at the altar of an unknown god.
   704 | D:2      | Became a worshipper of Warmaster Okawaru
   704 | D:2      | Reached * piety under Okawaru
   704 | D:2      | Reached ** piety under Okawaru
   717 | D:2      | Gained mutation: You regenerate magic rapidly. [demonic
                  | ancestry]
   717 | D:2      | Reached XP level 3. HP: 26/29 MP: 3/3
  1542 | D:3      | Identified the +2 leather armour "Aphis" {Fly rF+ Dex+3}
  1702 | D:3      | Found a sacrificial altar of Ru.
  1783 | D:3      | Reached skill level 1 in Invocations
  2129 | D:4      | Found a runed translucent gate.
  2130 | D:4      | Found a runed translucent gate.
  2131 | D:4      | Found a runed translucent gate.
  2131 | D:4      | Noticed qeuew's ghost (amateur GrFi)
  2146 | D:4      | Gained mutation: Your demonic aura sometimes causes spilled
                  | blood to erupt in flames. [demonic ancestry]
  2146 | D:4      | Reached XP level 4. HP: 33/35 MP: 4/4
  2319 | D:4      | HP: 2/55 [poisoned by a gnoll]
  2320 | D:4      | Reached skill level 4 in Long Blades
  2320 | D:4      | Slain by a gnoll

Illustrated notes

Levels and vault maps discovered:
D:1:      erik_arrival_cave_to_civilisation [erik_arrival_cave_to_hall],
          layout_basic, serial_bayou_pond_a
D:2:      layout_loops_ring, nicolae_ecumenical_pavilion
D:3:      layout_basic, nicolae_ru_the_path_less_chosen, minivault_26,
          kennysheep_generic_room_14
D:4:      layout_gridville, gammafunk_ghost_split

Skill      XL: |  1  2  3  4 |
---------------+-------------+-----
Long Blades    | 3 4 |  4.0
Unarmed Combat | 1 |  1.0
Dodging        | 3 |  3.0
Invocations    | 1 2 |  2.1
Fighting       | |  3.7

Action                     |  1- 3 |  4- 6 || total
---------------------------+-------+-------++-------
  Melee: Falchion          |   102 |    26 ||   128
 Invoke: Heroism           |       |     1 ||     1
    Use: Scroll            |     3 |       ||     3
         Potion            |       |     4 ||     4
 Armour: Robe              |     9 |       ||     9
         Leather armour    |    10 |     6 ||    16
  Dodge: Dodged            |    65 |    32 ||    97
